cohdb
Replays
Latest Replays
All Replays
Popular Replays
Top Player Replays
Match Explorer
How It Works
Community
CoH3 Stats
Reddit
Sign in to upload your games and track your stats! →
Sign in with Steam
Match 41363091
Unlisted
Match 41363091
Overview
Messages
Build Orders
End
Construct Infanterie Kompanie
Selects Terror Battlegroup
Selects Machine Gun Camouflage
MG 42 Machine Gun Team
Grenadier Squad
Grenadier Squad
Construct Luftwaffe Kompanie
Jäger Squad
Luftwaffe Officer Quarters
Medical Bunker
Forward Retreat Point
Support Elements
Wirbelwind Flakpanzer
Pioneer Squad
Selects Defend the Fatherland
Construct Panzer Kompanie
Stoßtruppen Squad
Panzer Officer Quarters
Panzer IV Medium Tank
Stoßtruppen Squad
Selects King Tiger Heavy Tank
Pioneer Squad
Selects King Tiger Heavy Tank
King Tiger Heavy Tank
Defend the Fatherland
Stoßtruppen Squad
Medical Station
Selects Contempt for the Weak
Selects Propaganda Leaflet Drop
Propaganda Leaflet Drop
MG 42 Machine Gun Team
MG 42 Machine Gun Team
Forward Retreat Point
Medical Bunker
Propaganda Leaflet Drop
King Tiger Heavy Tank
雲蘭
Hiyori Kisaki
CPU - VERY EASY
Calm
lllllllll
와 시바 아이디 또해킹당했노
Deadlych910
J
0
0
Comments
sign in to comment!
No comments posted yet!